[Event "26th OIBM 2023"]
[Site "Gmund am Tegernsee"]
[Date "2023.10.29"]
[Round "2.13"]
[White "Fuchs, Florian"]
[Black "Golubka, Petro"]
[Result "0-1"]
[ECO "C58"]
[WhiteElo "2319"]
[BlackElo "2434"]
[Annotator "ChessBase"]
[PlyCount "120"]
[EventDate "2023.10.04"]
[EventType "swiss"]
[EventCountry "GER"]
[SourceTitle "playchess.com"]
[Source "ChessBase"]
[SourceQuality "1"]
[TimeControl "40/5400+30:1800+30"]

1. e4 e5 2. Nf3 Nc6 3. Bc4 Nf6 4. Ng5 d5 5. exd5 Na5 6. Bb5+ c6 7. dxc6 bxc6 8. Bd3 Nd5 9. Nf3 Bd6 10. O-O Nf4 11. Nc3 Nxd3 12. cxd3 O-O 13. Ne4 c5 14. b3 Re8 15. Ba3 Bg4 16. h3 Bh5 17. Bxc5 Bxc5 18. Nxc5 Rc8 19. Rc1 Qd5 20. Ne4 Rxc1 21. Qxc1 Bxf3 22. gxf3 Nc6 23. Qc5 Qe6 24. Qd6 Nd4 25. Qxe6 Rxe6 26. Kh1 Rc6 27. Re1 Nxf3 28. Re3 Rc1+ 29. Kg2 Nh4+ 30. Kh2 Nf5 31. Re2 Nd4 32. Re3 Rc2 33. Kh1 Rxa2 34. Nd6 g6 35. Rxe5 Rxd2 36. Re8+ Kg7 37. Re7 Rxf2 38. Kg1 Rf4 39. Rxa7 Nxb3 40. Kg2 Nd4 41. Kg3 g5 42. Ra5 Kg6 43. Ne4 f6 44. Ra6 h5 45. Rb6 Rf3+ 46. Kg2 g4 47. hxg4 hxg4 48. Rb8 f5 49. Rb6+ Kh5 50. Ng3+ Kg5 51. Rb8 Ne6 52. Rg8+ Kf6 53. Nh5+ Kf7 54. Ra8 Kg6 55. Ng3 Nf4+ 56. Kh2 Rf2+ 57. Kh1 Ne2 58. Ra6+ Kg5 59. Nxe2 Rxe2 60. Ra5 Rd2 0-1

[Event "26th OIBM 2023"]
[Site "Gmund am Tegernsee"]
[Date "2023.10.29"]
[Round "2.14"]
[White "Meins, Gerlef"]
[Black "Koehler, Christian Friedrich"]
[Result "1-0"]
[ECO "D23"]
[WhiteElo "2412"]
[BlackElo "2181"]
[Annotator "ChessBase"]
[PlyCount "55"]
[EventDate "2023.10.04"]
[EventType "swiss"]
[EventCountry "GER"]
[SourceTitle "playchess.com"]
[Source "ChessBase"]
[SourceQuality "1"]
[TimeControl "40/5400+30:1800+30"]

1. d4 d5 2. c4 c6 3. Nf3 Nf6 4. Qc2 dxc4 5. Qxc4 Bg4 6. Nbd2 Nbd7 7. g3 e6 8. Bg2 Be7 9. O-O O-O 10. Ne5 Bh5 11. Ndf3 Rc8 12. Bg5 Bxf3 13. Nxf3 h6 14. Bf4 Qb6 15. Rfd1 c5 16. Qb3 c4 17. Qxb6 Nxb6 18. Ne5 Nfd5 19. Bd2 Rc7 20. Rac1 Rfc8 21. e4 c3 22. exd5 cxd2 23. Rxc7 Rxc7 24. dxe6 Rc1 25. exf7+ Kf8 26. Bf3 Na4 27. Kg2 Rc2 28. Bd5 1-0

[Event "26th OIBM 2023"]
[Site "Gmund am Tegernsee"]
[Date "2023.10.29"]
[Round "2.15"]
[White "Khrapko, Marharyta"]
[Black "Weishaeutel, Moritz"]
[Result "1/2-1/2"]
[ECO "C47"]
[WhiteElo "2170"]
[BlackElo "2403"]
[Annotator "ChessBase"]
[PlyCount "111"]
[EventDate "2023.10.04"]
[EventType "swiss"]
[EventCountry "GER"]
[SourceTitle "playchess.com"]
[Source "ChessBase"]
[SourceQuality "1"]
[TimeControl "40/5400+30:1800+30"]

1. e4 e5 2. Nf3 Nc6 3. Nc3 Nf6 4. g3 Nxe4 5. Nxe4 d5 6. Nc3 d4 7. Bg2 dxc3 8. bxc3 Bc5 9. O-O O-O 10. d3 Bg4 11. h3 Bh5 12. Rb1 Bb6 13. g4 Bg6 14. Nd2 Qd7 15. Nc4 Rfe8 16. Re1 Rad8 17. a4 e4 18. d4 Na5 19. Qe2 Qc6 20. Rb4 Nxc4 21. Rxc4 Qd5 22. Bf4 Rd7 23. Rb4 c6 24. h4 h5 25. g5 Ba5 26. Rb3 Bc7 27. Bxc7 Rxc7 28. Qe3 Bf5 29. Qf4 Rce7 30. c4 Qa5 31. Rbe3 g6 32. Bxe4 Bxe4 33. Rxe4 Rxe4 34. Rxe4 Rxe4 35. Qxe4 Qxa4 36. Qe8+ Kg7 37. Qe5+ Kh7 38. d5 cxd5 39. cxd5 Qg4+ 40. Kf1 Qd1+ 41. Kg2 Qg4+ 42. Kf1 a5 43. d6 Qd1+ 44. Kg2 a4 45. Qf4 Qd5+ 46. Qf3 Qxf3+ 47. Kxf3 a3 48. d7 a2 49. d8=Q a1=Q 50. Kg2 Qa4 51. Qd5 Qg4+ 52. Kf1 Qh3+ 53. Kg1 Qg4+ 54. Kf1 Qh3+ 55. Kg1 Qg4+ 56. Kf1 1/2-1/2

[Event "26th OIBM 2023"]
[Site "Gmund am Tegernsee"]
[Date "2023.10.29"]
[Round "2.16"]
[White "Schmider, Niklas"]
[Black "Salzmann, Peter"]
[Result "1-0"]
[ECO "C41"]
[WhiteElo "2395"]
[BlackElo "2160"]
[Annotator "ChessBase"]
[PlyCount "85"]
[EventDate "2023.10.04"]
[EventType "swiss"]
[EventCountry "GER"]
[SourceTitle "playchess.com"]
[Source "ChessBase"]
[SourceQuality "1"]
[TimeControl "40/5400+30:1800+30"]

1. e4 e5 2. Nf3 d6 3. d4 exd4 4. Nxd4 Nf6 5. Nc3 Be7 6. Be2 O-O 7. O-O Bd7 8. f4 Nc6 9. Bf3 Nxd4 10. Qxd4 Bc6 11. Be3 Qc8 12. Rad1 Rd8 13. a4 a5 14. h3 Nd7 15. Bg4 Qb8 16. Nd5 Bxd5 17. exd5 Bf6 18. Qc4 Re8 19. Bf2 Nc5 20. Rfe1 Qa7 21. Qb5 Kf8 22. c3 Qa6 23. Be2 Qxb5 24. Bxb5 Rxe1+ 25. Rxe1 Rd8 26. g4 h6 27. Kg2 Nd7 28. Be3 g5 29. Rf1 Kg7 30. fxg5 Bxg5 31. Bd4+ Bf6 32. Rxf6 Nxf6 33. h4 c5 34. dxc6 bxc6 35. Bxc6 Rb8 36. g5 hxg5 37. hxg5 Rxb2+ 38. Kf3 Kg6 39. gxf6 Rh2 40. Be4+ Kg5 41. Ke3 Rh3+ 42. Kd2 Rh2+ 43. Kd3 1-0

[Event "26th OIBM 2023"]
[Site "Gmund am Tegernsee"]
[Date "2023.10.29"]
[Round "2.17"]
[White "Kerpe, Andreas"]
[Black "Kargin, Arseny"]
[Result "0-1"]
[ECO "B22"]
[WhiteElo "2157"]
[BlackElo "2391"]
[Annotator "ChessBase"]
[PlyCount "64"]
[EventDate "2023.10.04"]
[EventType "swiss"]
[EventCountry "GER"]
[SourceTitle "playchess.com"]
[Source "ChessBase"]
[SourceQuality "1"]
[TimeControl "40/5400+30:1800+30"]

1. e4 c5 2. d3 Nc6 3. f4 g6 4. Nf3 Bg7 5. Be2 d6 6. O-O Nf6 7. c3 O-O 8. Na3 Rb8 9. Qe1 b5 10. Nc2 b4 11. c4 b3 12. axb3 Rxb3 13. Qh4 e6 14. Ra2 Nd7 15. Qxd8 Rxd8 16. Rd1 Nf6 17. Bd2 Ne8 18. Rb1 d5 19. Be3 dxe4 20. dxe4 Nd4 21. Bxd4 cxd4 22. Nd2 Rb7 23. Bd3 Bh6 24. g3 e5 25. Rf1 exf4 26. gxf4 Ng7 27. Ne1 Nh5 28. Ng2 Bh3 29. Rf2 Bxg2 30. Rxg2 Nxf4 31. Rg3 Nh5 32. Rg2 Be3+ 0-1

[Event "26th OIBM 2023"]
[Site "Gmund am Tegernsee"]
[Date "2023.10.29"]
[Round "2.18"]
[White "Colpe, Malte"]
[Black "Ehrke, Michael"]
[Result "1-0"]
[ECO "D30"]
[WhiteElo "2386"]
[BlackElo "2156"]
[Annotator "ChessBase"]
[PlyCount "59"]
[EventDate "2023.10.04"]
[EventType "swiss"]
[EventCountry "GER"]
[SourceTitle "playchess.com"]
[Source "ChessBase"]
[SourceQuality "1"]
[TimeControl "40/5400+30:1800+30"]

1. d4 d5 2. c4 e6 3. Nf3 c5 4. cxd5 exd5 5. g3 Nc6 6. Bg2 Nf6 7. O-O Be7 8. dxc5 Bxc5 9. a3 Ne4 10. Nfd2 Bf5 11. Nxe4 Bxe4 12. Bxe4 dxe4 13. Qc2 Qe7 14. Nc3 Nd4 15. Qxe4 Qxe4 16. Nxe4 Be7 17. Nc3 Nb3 18. Rb1 Rd8 19. Be3 Nd2 20. Bxd2 Rxd2 21. Rfd1 Rxd1+ 22. Rxd1 Bf6 23. Rd3 O-O 24. e4 h5 25. Kf1 a6 26. f4 Rc8 27. Ke2 b5 28. e5 Be7 29. Kd2 Rb8 30. Rd7 1-0

[Event "26th OIBM 2023"]
[Site "Gmund am Tegernsee"]
[Date "2023.10.29"]
[Round "2.19"]
[White "Schleicher, Guido"]
[Black "Schachinger, Mario"]
[Result "0-1"]
[ECO "B94"]
[WhiteElo "2154"]
[BlackElo "2385"]
[Annotator "ChessBase"]
[PlyCount "66"]
[EventDate "2023.10.04"]
[EventType "swiss"]
[EventCountry "GER"]
[SourceTitle "playchess.com"]
[Source "ChessBase"]
[SourceQuality "1"]
[TimeControl "40/5400+30:1800+30"]

1. e4 c5 2. Nf3 d6 3. d4 cxd4 4. Nxd4 Nf6 5. Nc3 a6 6. Bg5 Nbd7 7. f4 h6 8. Bh4 g6 9. Qe2 e5 10. fxe5 dxe5 11. Nb3 Bb4 12. O-O-O Bxc3 13. bxc3 Qc7 14. Qf3 g5 15. Bg3 Qc6 16. Rd5 Nxd5 17. exd5 Qd6 18. c4 Qa3+ 19. Kb1 a5 20. Qe4 Qe7 21. c5 a4 22. d6 Qf6 23. Bb5 axb3 24. Rf1 bxc2+ 25. Kc1 Qe6 26. Bc4 Ra4 27. Bxe6 Rxe4 28. Rxf7 Rf8 29. Re7+ Kd8 30. Kxc2 Re8 31. Bf5 Rc4+ 32. Kb3 Rxc5 33. Rh7 Nf8 0-1

[Event "26th OIBM 2023"]
[Site "Gmund am Tegernsee"]
[Date "2023.10.29"]
[Round "2.20"]
[White "Meissner, Felix"]
[Black "Liepold, Stefan"]
[Result "1-0"]
[ECO "A29"]
[WhiteElo "2382"]
[BlackElo "2150"]
[Annotator "ChessBase"]
[PlyCount "61"]
[EventDate "2023.10.04"]
[EventType "swiss"]
[EventCountry "GER"]
[SourceTitle "playchess.com"]
[Source "ChessBase"]
[SourceQuality "1"]
[TimeControl "40/5400+30:1800+30"]

1. c4 e5 2. Nc3 Nf6 3. Nf3 Nc6 4. g3 d5 5. cxd5 Nxd5 6. Bg2 Nb6 7. O-O Be7 8. a3 O-O 9. b4 a5 10. b5 Nd4 11. Nxe5 Bf6 12. f4 a4 13. e3 Nb3 14. Rb1 Bf5 15. Ne4 Bxe5 16. fxe5 Qd3 17. Rxf5 Qxb1 18. Rf1 Nxc1 19. Qxc1 Qxc1 20. Rxc1 Rad8 21. d4 Nd5 22. Kf2 c6 23. Nd6 f6 24. Ke2 fxe5 25. dxe5 Ne7 26. Nxb7 cxb5 27. Nxd8 Rxd8 28. Rc7 Ng6 29. e6 Rb8 30. e7 Ne5 31. Bd5+ 1-0

[Event "26th OIBM 2023"]
[Site "Gmund am Tegernsee"]
[Date "2023.10.29"]
[Round "2.21"]
[White "Cordes, Hans-Joerg"]
[Black "Morawietz, Dieter"]
[Result "0-1"]
[ECO "E45"]
[WhiteElo "2146"]
[BlackElo "2378"]
[Annotator "ChessBase"]
[PlyCount "110"]
[EventDate "2023.10.04"]
[EventType "swiss"]
[EventCountry "GER"]
[SourceTitle "playchess.com"]
[Source "ChessBase"]
[SourceQuality "1"]
[TimeControl "40/5400+30:1800+30"]

1. d4 Nf6 2. c4 e6 3. Nc3 Bb4 4. e3 b6 5. Nge2 Ba6 6. a3 Be7 7. Nf4 d5 8. cxd5 Bxf1 9. Kxf1 Nxd5 10. Ncxd5 exd5 11. Qh5 Bg5 12. Ne6 g6 13. Qxg5 fxe6 14. Qe5 Kd7 15. Qg7+ Kc8 16. Bd2 Nd7 17. Rc1 Qf6 18. Qxf6 Nxf6 19. Ke2 Kd7 20. Rc2 Rac8 21. Rhc1 Rhe8 22. f3 c6 23. Bc3 Ng8 24. b3 Nh6 25. e4 Nf7 26. e5 c5 27. dxc5 Rxc5 28. Bd4 Rxc2+ 29. Rxc2 Nd8 30. Ke3 Nc6 31. g4 Rf8 32. Rd2 g5 33. Rd3 Ne7 34. Rc3 Rf4 35. Rc2 h5 36. h3 Nc6 37. Rd2 h4 38. Rd3 Ke7 39. Bc3 Rf7 40. Bd4 Kd7 41. Rd1 Rf4 42. Rd3 Kc7 43. Bb2 Kb7 44. Ke2 Ka6 45. Bc3 Rf7 46. Rd1 Kb5 47. Rf1 Kc5 48. Bd2 Nd4+ 49. Ke3 Nxb3 50. Bb4+ Kc4 51. f4 d4+ 52. Ke4 a5 53. fxg5 Rxf1 54. g6 axb4 55. g7 Nc5# 0-1

[Event "26th OIBM 2023"]
[Site "Gmund am Tegernsee"]
[Date "2023.10.29"]
[Round "2.22"]
[White "Hess, Max"]
[Black "Manukonda Arun"]
[Result "1-0"]
[ECO "D30"]
[WhiteElo "2378"]
[BlackElo "2143"]
[Annotator "ChessBase"]
[PlyCount "99"]
[EventDate "2023.10.04"]
[EventType "swiss"]
[EventCountry "GER"]
[SourceTitle "playchess.com"]
[Source "ChessBase"]
[SourceQuality "1"]
[TimeControl "40/5400+30:1800+30"]

1. c4 e6 2. g3 d5 3. Bg2 c5 4. cxd5 exd5 5. Nf3 Nf6 6. O-O Nc6 7. d4 Be7 8. dxc5 Bxc5 9. a3 Ne4 10. b4 Be7 11. Nfd2 Bf6 12. Ra2 Be6 13. Nxe4 dxe4 14. Rd2 Qe7 15. Bxe4 Bh3 16. Bxc6+ bxc6 17. Qc2 O-O 18. Rfd1 Rac8 19. Nc3 Rfe8 20. Bb2 Rcd8 21. Rxd8 Rxd8 22. Rxd8+ Qxd8 23. Qd1 Qe7 24. Qd3 h5 25. Nd1 Bxb2 26. Nxb2 c5 27. b5 Qe5 28. Nd1 Qa1 29. f3 c4 30. Qd8+ Kh7 31. Kf2 Qxa3 32. Qd5 Be6 33. Qxh5+ Kg8 34. Qe5 Qc1 35. Nc3 Qh6 36. h4 Qd2 37. Ne4 Qd8 38. h5 Qb6+ 39. Kg2 Bd7 40. Nc3 f6 41. Qe7 Qb7 42. g4 Kh7 43. Ne4 Bc8 44. Nxf6+ Kh6 45. Qe3+ g5 46. Qe8 Qg7 47. Qxc8 Qxf6 48. Qc6 Kg7 49. Qxf6+ Kxf6 50. Kf2 1-0

[Event "26th OIBM 2023"]
[Site "Gmund am Tegernsee"]
[Date "2023.10.29"]
[Round "2.23"]
[White "Manish Anto Cristiano F"]
[Black "Nagel, Bernhard"]
[Result "1-0"]
[ECO "C79"]
[WhiteElo "2368"]
[BlackElo "2142"]
[Annotator "ChessBase"]
[PlyCount "53"]
[EventDate "2023.10.04"]
[EventType "swiss"]
[EventCountry "GER"]
[SourceTitle "playchess.com"]
[Source "ChessBase"]
[SourceQuality "1"]
[TimeControl "40/5400+30:1800+30"]

1. e4 e5 2. Nf3 Nc6 3. Bb5 a6 4. Ba4 Nf6 5. O-O d6 6. Re1 Bd7 7. c4 Be7 8. Nc3 O-O 9. Bxc6 bxc6 10. d4 exd4 11. Nxd4 c5 12. Nf5 Bxf5 13. exf5 Re8 14. Bg5 Nd7 15. Rxe7 Rxe7 16. Nd5 Re1+ 17. Qxe1 Qxg5 18. Nxc7 Rc8 19. Nd5 Kf8 20. f4 Qd8 21. Rd1 Nf6 22. Qd2 Rb8 23. b3 Nxd5 24. Qxd5 Rb6 25. Qxc5 Qb8 26. Qd4 f6 27. c5 1-0

[Event "26th OIBM 2023"]
[Site "Gmund am Tegernsee"]
[Date "2023.10.29"]
[Round "2.24"]
[White "Gaerths, Ronny"]
[Black "Besou, Hussain"]
[Result "0-1"]
[ECO "D02"]
[WhiteElo "2139"]
[BlackElo "2351"]
[Annotator "ChessBase"]
[PlyCount "177"]
[EventDate "2023.10.04"]
[EventType "swiss"]
[EventCountry "GER"]
[SourceTitle "playchess.com"]
[Source "ChessBase"]
[SourceQuality "1"]
[TimeControl "40/5400+30:1800+30"]

1. d4 Nf6 2. Nf3 d5 3. Bf4 c5 4. e3 Nc6 5. Nbd2 cxd4 6. exd4 Bf5 7. c3 e6 8. Qb3 Qc8 9. h3 h6 10. a4 Be7 11. a5 a6 12. Qa4 O-O 13. Be2 Bh7 14. O-O Ne4 15. Nxe4 Bxe4 16. Ne5 Nxe5 17. Bxe5 Qd8 18. Rfe1 Rc8 19. Bf1 Bg6 20. Rac1 Qe8 21. Qa2 Qd7 22. Ra1 Rfd8 23. Bg3 Bf5 24. Be5 Rc6 25. Qa4 f6 26. Bg3 g5 27. Qd1 Bg6 28. Bd3 Bf7 29. Bc2 b5 30. axb6 Rxb6 31. Qd3 f5 32. b3 Rc8 33. c4 dxc4 34. bxc4 Bf6 35. Be5 Bxe5 36. dxe5 Qxd3 37. Bxd3 Rc5 38. Bf1 f4 39. Red1 Rxe5 40. Rd8+ Kg7 41. Ra8 Bg6 42. f3 Kf6 43. R8xa6 Rb2 44. R6a2 Rb3 45. Ra3 Rxa3 46. Rxa3 Rc5 47. Ra8 h5 48. Kf2 Bf5 49. Ke1 g4 50. hxg4 hxg4 51. Kd2 gxf3 52. gxf3 Re5 53. Ra3 Ke7 54. Rc3 Kd6 55. Ra3 Kc7 56. Rc3 Kb6 57. Rb3+ Kc6 58. Ra3 Bg6 59. Ra6+ Kd7 60. Ra7+ Kd6 61. Ra6+ Ke7 62. Ra7+ Kf6 63. Ra3 Be8 64. Rc3 Bc6 65. Be2 Kg5 66. Rc1 Ra5 67. Rg1+ Kf6 68. Rc1 Ke5 69. Kc3 Ra3+ 70. Kb4 Re3 71. Rc2 Kd6 72. Ra2 Bxf3 73. Bxf3 Rxf3 74. Ra6+ Ke5 75. c5 Rf1 76. Kb5 Rb1+ 77. Kc6 f3 78. Rb6 Rc1 79. Rb2 Ke4 80. Kd6 e5 81. c6 Kf4 82. c7 e4 83. Rb8 e3 84. c8=Q Rxc8 85. Rxc8 e2 86. Re8 Kg3 87. Kd5 Kf2 88. Kd4 e1=Q 89. Re2+ 0-1

[Event "26th OIBM 2023"]
[Site "Gmund am Tegernsee"]
[Date "2023.10.29"]
[Round "2.25"]
[White "Weber, Ulrich"]
[Black "Willim, Michael"]
[Result "1-0"]
[ECO "A20"]
[WhiteElo "2349"]
[BlackElo "2138"]
[Annotator "ChessBase"]
[PlyCount "143"]
[EventDate "2023.10.04"]
[EventType "swiss"]
[EventCountry "GER"]
[SourceTitle "playchess.com"]
[Source "ChessBase"]
[SourceQuality "1"]
[TimeControl "40/5400+30:1800+30"]

1. Nf3 d5 2. g3 g6 3. c4 dxc4 4. Na3 Bg7 5. Bg2 e5 6. O-O Ne7 7. Nxc4 Nbc6 8. d3 O-O 9. Bd2 Re8 10. b4 Nd5 11. Qb3 Nd4 12. Nxd4 exd4 13. Rfe1 Be6 14. Qc2 c6 15. Rac1 Qd7 16. Na5 Bg4 17. e4 dxe3 18. fxe3 Bh6 19. Bxd5 Qxd5 20. e4 Qd4+ 21. Kg2 Bxd2 22. Qxd2 Rad8 23. h3 Bc8 24. Rcd1 Qd7 25. Qh6 Qd4 26. Qd2 Qd7 27. Qh6 Qd4 28. Qd2 Re5 29. Nb3 Qd7 30. g4 h5 31. d4 Qe7 32. Qe3 Rg5 33. Rg1 hxg4 34. Kf2 Rh5 35. hxg4 Rh2+ 36. Rg2 Qh4+ 37. Qg3 Qxg3+ 38. Kxg3 Rxg2+ 39. Kxg2 Bxg4 40. Rd2 b6 41. Kf2 Be6 42. Nc1 f5 43. exf5 Bxf5 44. Ne2 Kf7 45. a4 Ke6 46. Nf4+ Kd6 47. Kf3 g5 48. Ng2 Rh8 49. Ne3 Rh3+ 50. Kf2 Rh2+ 51. Ke1 Rh1+ 52. Kf2 Be6 53. Nf1 Bh3 54. Ng3 Rh2+ 55. Ke3 Rxd2 56. Kxd2 Kd5 57. Kc3 a5 58. bxa5 bxa5 59. Kd3 Bc8 60. Ke3 Kc4 61. Ne4 Kb4 62. Nxg5 Kxa4 63. Kd2 Kb3 64. Kc1 Bf5 65. Nf3 a4 66. d5 c5 67. d6 a3 68. Nd2+ Kb4 69. Ne4 c4 70. Ng3 Kb3 71. Nxf5 Kc3 72. Kb1 1-0

[Event "26th OIBM 2023"]
[Site "Gmund am Tegernsee"]
[Date "2023.10.29"]
[Round "2.26"]
[White "Kaiser, Elmar"]
[Black "Zawadzka, Jolanta"]
[Result "0-1"]
[ECO "E61"]
[WhiteElo "2135"]
[BlackElo "2342"]
[Annotator "ChessBase"]
[PlyCount "118"]
[EventDate "2023.10.04"]
[EventType "swiss"]
[EventCountry "GER"]
[SourceTitle "playchess.com"]
[Source "ChessBase"]
[SourceQuality "1"]
[TimeControl "40/5400+30:1800+30"]

1. Nf3 Nf6 2. c4 g6 3. Nc3 Bg7 4. d4 d6 5. Bf4 O-O 6. e3 Nbd7 7. h3 b6 8. Be2 Bb7 9. O-O Ne4 10. Nxe4 Bxe4 11. Bg3 e5 12. Re1 Qe7 13. Nd2 Bb7 14. Nb1 f5 15. Nc3 Qf7 16. f4 exd4 17. exd4 Nf6 18. d5 Ne4 19. Nxe4 fxe4 20. Bg4 Rae8 21. Rb1 h5 22. Be6 Rxe6 23. dxe6 Qxe6 24. Bf2 Qxc4 25. Rc1 Qf7 26. Bd4 Bh6 27. Be3 d5 28. b4 Ba6 29. g3 Qd7 30. a4 Bd3 31. Qb3 Rf7 32. Bd4 Qxh3 33. Re3 Qf5 34. Be5 Bc4 35. Rxc4 dxc4 36. Qxc4 Bg7 37. Rxe4 Kh7 38. Re1 Rd7 39. Bxg7 Rxg7 40. Re8 Qg4 41. Kf2 Qd7 42. Qe4 Qxa4 43. Qa8 Qa2+ 44. Kg1 Qa1+ 45. Kh2 Rd7 46. Qc6 Qa2+ 47. Kh3 Qf7 48. Re5 Re7 49. Rd5 a6 50. Kh2 Re6 51. Qc4 Re2+ 52. Kh3 Re7 53. Qd3 Qe6+ 54. f5 gxf5 55. Rd4 Kg6 56. Qxa6 f4+ 57. Kg2 Qc6+ 58. Kh2 fxg3+ 59. Kxg3 Re3+ 0-1

[Event "26th OIBM 2023"]
[Site "Gmund am Tegernsee"]
[Date "2023.10.29"]
[Round "2.27"]
[White "Reimann, Sebastian"]
[Black "Linseisen, Stefan"]
[Result "1/2-1/2"]
[ECO "C50"]
[WhiteElo "2342"]
[BlackElo "2128"]
[Annotator "ChessBase"]
[PlyCount "68"]
[EventDate "2023.10.04"]
[EventType "swiss"]
[EventCountry "GER"]
[SourceTitle "playchess.com"]
[Source "ChessBase"]
[SourceQuality "1"]
[TimeControl "40/5400+30:1800+30"]

1. e4 e5 2. Nf3 Nc6 3. Bc4 h6 4. O-O Be7 5. d4 d6 6. dxe5 dxe5 7. Qxd8+ Bxd8 8. Bb5 f6 9. Nbd2 Be6 10. Nb3 a6 11. Bxc6+ bxc6 12. Na5 Bd7 13. Be3 Rb8 14. b3 Be7 15. a3 Bd6 16. Ne1 Rb5 17. b4 Be6 18. Nd3 Ne7 19. c4 Rxa5 20. bxa5 Bxc4 21. Rfd1 Bxd3 22. Rxd3 Kd7 23. Rb1 Ra8 24. Bc5 Ke6 25. Rc3 Bxc5 26. Rxc5 Rd8 27. Rc4 Rd3 28. a4 Kd6 29. Kf1 Rd4 30. Rxd4+ exd4 31. Ke2 c5 32. Kd3 Nc6 33. f4 Nxa5 34. Rb8 c4+ 1/2-1/2

[Event "26th OIBM 2023"]
[Site "Gmund am Tegernsee"]
[Date "2023.10.29"]
[Round "2.28"]
[White "Gschwendtner, Klaus"]
[Black "Lammers, Markus"]
[Result "1/2-1/2"]
[ECO "C00"]
[WhiteElo "2119"]
[BlackElo "2336"]
[Annotator "ChessBase"]
[PlyCount "71"]
[EventDate "2023.10.04"]
[EventType "swiss"]
[EventCountry "GER"]
[SourceTitle "playchess.com"]
[Source "ChessBase"]
[SourceQuality "1"]
[TimeControl "40/5400+30:1800+30"]

1. e4 c5 2. Nf3 e6 3. d3 Nf6 4. g3 d5 5. Qe2 Be7 6. Bg2 O-O 7. O-O Nc6 8. e5 Nd7 9. c4 b6 10. h4 Re8 11. Nc3 Bb7 12. Bf4 Nf8 13. h5 Qd7 14. Bh3 dxc4 15. dxc4 Nd4 16. Nxd4 cxd4 17. Ne4 d3 18. Qe3 Rad8 19. Bg2 Qc8 20. b3 Nd7 21. h6 g6 22. Qxd3 Nc5 23. Qe2 Nxe4 24. Bxe4 Rd4 25. Bxb7 Qxb7 26. Rad1 Red8 27. Rxd4 Rxd4 28. Rd1 Rxd1+ 29. Qxd1 Kf8 30. f3 Ke8 31. Kg2 g5 32. Be3 g4 33. Kf2 Qxf3+ 34. Qxf3 gxf3 35. Kxf3 Kd7 36. Ke4 1/2-1/2

[Event "26th OIBM 2023"]
[Site "Gmund am Tegernsee"]
[Date "2023.10.29"]
[Round "2.29"]
[White "Dolzhykova, Kateryna"]
[Black "Kotyk, Michael"]
[Result "1-0"]
[ECO "A07"]
[WhiteElo "2336"]
[BlackElo "2127"]
[Annotator "ChessBase"]
[PlyCount "107"]
[EventDate "2023.10.04"]
[EventType "swiss"]
[EventCountry "GER"]
[SourceTitle "playchess.com"]
[Source "ChessBase"]
[SourceQuality "1"]
[TimeControl "40/5400+30:1800+30"]

1. Nf3 d5 2. d3 Nc6 3. g3 e5 4. Bg2 f6 5. Nbd2 Be6 6. c4 Nge7 7. cxd5 Nxd5 8. a3 Qd7 9. h4 Bc5 10. b4 Bb6 11. Nc4 e4 12. dxe4 Ndxb4 13. Qxd7+ Kxd7 14. Nxb6+ axb6 15. Kd2 Rhd8 16. Bb2 Ke7+ 17. Kc3 Na6 18. a4 Nc5 19. Ba3 Kf7 20. Bxc5 bxc5 21. e5 Nd4 22. Nxd4 cxd4+ 23. Kd2 fxe5 24. Bxb7 Ra7 25. Bc6 Bd5 26. Rhc1 Ke6 27. f3 Rd6 28. Bb5 Rb6 29. e4 Ba8 30. Bc4+ Kd6 31. a5 Rb4 32. a6 c5 33. Kd3 Bc6 34. Rcb1 Rxb1 35. Rxb1 Kc7 36. f4 exf4 37. gxf4 Ra8 38. Rg1 g6 39. Rg5 Kb6 40. Re5 Bb5 41. Re6+ Ka5 42. f5 gxf5 43. exf5 Bd7 44. Re5 Kb4 45. f6 Bh3 46. f7 Bf1+ 47. Kd2 Bxc4 48. Re8 Rxa6 49. Rb8+ Bb5 50. f8=Q Ra2+ 51. Kc1 d3 52. Qf4+ c4 53. Qd6+ Kc3 54. Qe5+ 1-0

[Event "26th OIBM 2023"]
[Site "Gmund am Tegernsee"]
[Date "2023.10.29"]
[Round "2.30"]
[White "Nguyen, Alex Dac-Vuong"]
[Black "Mohylnyi, Stepan"]
[Result "1-0"]
[ECO "C18"]
[WhiteElo "2333"]
[BlackElo "2120"]
[Annotator "ChessBase"]
[PlyCount "73"]
[EventDate "2023.10.04"]
[EventType "swiss"]
[EventCountry "GER"]
[SourceTitle "playchess.com"]
[Source "ChessBase"]
[SourceQuality "1"]
[TimeControl "40/5400+30:1800+30"]

1. e4 e6 2. d4 d5 3. Nc3 Bb4 4. e5 c5 5. a3 Bxc3+ 6. bxc3 Ne7 7. Qg4 Qc7 8. Qxg7 Rg8 9. Qxh7 cxd4 10. Ne2 Nbc6 11. f4 dxc3 12. Nxc3 Nxe5 13. Nb5 Qb8 14. Bb2 N5c6 15. g3 a6 16. Nd4 Qc7 17. O-O-O Bd7 18. Be2 Na5 19. Rhe1 Rf8 20. Bh5 Qd6 21. f5 O-O-O 22. Bxf7 exf5 23. Ne6 Nc4 24. Nxf8 Nxb2 25. Kxb2 Qf6+ 26. Kb1 Rxf8 27. Bxd5 Nxd5 28. Rxd5 Qb6+ 29. Kc1 Bc6 30. Rxf5 Rd8 31. Qg7 Bb5 32. Rf8 Kb8 33. Rxd8+ Qxd8 34. Qe5+ Ka8 35. Rd1 Qa5 36. Qh8+ Ka7 37. Qd4+ 1-0

[Event "26th OIBM 2023"]
[Site "Gmund am Tegernsee"]
[Date "2023.10.29"]
[Round "2.31"]
[White "Tscharotschkin, Michael"]
[Black "Chassard, Cedric"]
[Result "0-1"]
[ECO "D02"]
[WhiteElo "2115"]
[BlackElo "2326"]
[Annotator "ChessBase"]
[PlyCount "52"]
[EventDate "2023.10.04"]
[EventType "swiss"]
[EventCountry "GER"]
[SourceTitle "playchess.com"]
[Source "ChessBase"]
[SourceQuality "1"]
[TimeControl "40/5400+30:1800+30"]

1. d4 Nf6 2. Nf3 d5 3. Bf4 c5 4. e3 Nc6 5. c3 Qb6 6. Qb3 c4 7. Qc2 Bf5 8. Qc1 e6 9. Nbd2 Be7 10. Be2 O-O 11. O-O Qa5 12. Nh4 b5 13. Nxf5 exf5 14. a3 Qb6 15. Qc2 g6 16. f3 Rfe8 17. g4 Qd8 18. gxf5 Nh5 19. fxg6 hxg6 20. Rf2 Bg5 21. Nf1 Bxf4 22. exf4 Qh4 23. Ng3 Nxf4 24. Bf1 Re6 25. Ne2 Nd3 26. Rg2 Ne1 0-1

[Event "26th OIBM 2023"]
[Site "Gmund am Tegernsee"]
[Date "2023.10.29"]
[Round "2.32"]
[White "Kulon, Klaudia"]
[Black "Schaffarczyk, Andre"]
[Result "1-0"]
[ECO "D00"]
[WhiteElo "2319"]
[BlackElo "2118"]
[Annotator "ChessBase"]
[PlyCount "81"]
[EventDate "2023.10.04"]
[EventType "swiss"]
[EventCountry "GER"]
[SourceTitle "playchess.com"]
[Source "ChessBase"]
[SourceQuality "1"]
[TimeControl "40/5400+30:1800+30"]

1. d4 d5 2. Bg5 h6 3. Bh4 c6 4. e3 Qb6 5. Nf3 Bf5 6. Nbd2 e6 7. Be2 Nd7 8. O-O Ngf6 9. b3 Ba3 10. Ne1 O-O 11. Bd3 Bxd3 12. Nxd3 a5 13. c4 Qa6 14. Qc2 Bd6 15. c5 Be7 16. Ne5 Rfe8 17. Bxf6 Nxf6 18. f4 Qe2 19. Rae1 Qh5 20. h3 Qf5 21. Qd1 Ne4 22. g4 Qh7 23. Nxe4 Qxe4 24. Qd2 f6 25. Nd3 g5 26. Nf2 Qg6 27. e4 Bd8 28. f5 exf5 29. gxf5 Qh5 30. exd5 cxd5 31. Rxe8+ Qxe8 32. Re1 Qf7 33. Re6 h5 34. Qe2 Kf8 35. Qf3 Bc7 36. Qxd5 Rd8 37. Qc4 Qd7 38. Rxf6+ Kg7 39. Rg6+ Kh8 40. Qe2 Qh7 41. Qe6 1-0